 Dungeon Crawl Stone Soup version 0.20.1-1-g8b1a95d (webtiles) character file.

18 Jannitor the Skirmisher (level 2, -1/33 HPs)
             Began as an Ogre Chaos Knight on Sept 3, 2017.
             Slain by a worm (7 damage)
             ... on level 1 of the Dungeon.
             The game lasted 00:00:44 (457 turns).

Jannitor the Skirmisher (Ogre Chaos Knight)          Turns: 457, Time: 00:00:44

Health: -1/33      AC:  5    Str: 15    XL:     2   Next: 70%
Magic:  2/2        EV: 10    Int: 13    God:    Xom [..*...]
Gold:   50         SH:  0    Dex:  8    Spells: 1/1 levels left

rFire    . . .     SeeInvis .   a - +0 mace (chaos)
rCold    . . .     Gourm    .   (no shield)
rNeg     . . .     Faith    .   b - +2 robe
rPois    .         Spirit   .   (helmet restricted)
rElec    .         Reflect  .   (no cloak)
rCorr    .         Harm     .   (gloves unavailable)
MR       .....                  (boots unavailable)
Stlth    +.........             k - amulet of inaccuracy (curse)
Regen    0.2/turn               (no ring)
MPRegen  0.1/turn               (no ring)

@: no status effects
A: unfitting armour, tough skin 1
a: Renounce Religion


You were on level 1 of the Dungeon.
You worshipped Xom.
You were a toy of Xom.
You were not hungry.

You visited 1 branch of the dungeon, and saw 1 of its levels.

You collected 50 gold pieces.

Inventory:

Hand Weapons
 a - a +0 mace of chaos (weapon)
Armour
 b - a +2 robe (worn)
Jewellery
 i - an uncursed amulet of the gourmand {unknown}
 k - a cursed amulet of inaccuracy (around neck)
Scrolls
 d - a scroll of amnesia {unknown}
 e - a scroll of random uselessness {unknown}
 g - a scroll of identify {unknown}
 l - a scroll of magic mapping {unknown}
Potions
 f - a potion of mutation {unknown}
 j - a potion of agility {unknown}
Comestibles
 c - a bread ration
 h - a royal jelly


   Skills:
 + Level 4.9 Fighting
 + Level 3.0 Maces & Flails
 - Level 2.1 Dodging


You had one spell level left.
You didn't know any spells.

Dungeon Overview and Level Annotations

Branches:
Dungeon (1/15)

Altars:
Ashenzari


Innate Abilities, Weirdness & Mutations

You are too large for most types of armour.
You have tough skin. (AC +1)


Message History

You hit the bat.
Frost spreads across the the floor.
The bat is heavily wounded.
The bat misses you.
The kobold throws a stone.
The stone hits you but does no damage.
You closely miss something. The bat barely misses you. Something bites you!
You miss the bat.
The bat is heavily wounded.
The bat hits you but does no damage. Something bites you but does no damage.
You miss something. The bat hits you but does no damage. Something bites you.
You barely miss something. The bat hits you but does no damage.
The kobold hits you but does no damage. The kobold barely misses you.
You closely miss something. The bat hits you but does no damage.
Something bites you!
* * * LOW HITPOINT WARNING * * *
The kobold barely misses you.
You sock something!
Xom thinks this is hilarious!
Nothing appears to happen.
The bat hits you but does no damage. Something bites you!
You die...

.............#......#....
.[...........#.......#
.............#.......#
.............#.......###.
.............#...........
....†........#...........
.............###.........
###.##.......###......... ..
....##..........@..b....#...
######..........K{......#....#
.............................+..
#######.....#...........#....#..
# #.....#...........#........ #
#####.#......>....#........ # .
###+#...........#....... ## .#.
......................# .#....
.......##.#####.......#


You could see a bat and a kobold.

Vanquished Creatures
  A giant cockroach (D:1)
  2 goblins (D:1)
  3 hobgoblins (D:1)
  4 jackals (D:1)
  A kobold (D:1)
  A ball python (D:1)
  A frilled lizard (D:1)
  3 rats (D:1)
16 creatures vanquished.

Notes
Turn   | Place    | Note
-------+----------+-------------------------------------------
     0 | D:1      | Jannitor the Ogre Chaos Knight began the quest for the Orb.
     0 | D:1      | Reached XP level 1. HP: 24/24 MP: 1/1
    25 | D:1      | Found a shattered altar of Ashenzari.
    95 | D:1      | Reached XP level 2. HP: 32/33 MP: 2/2
   158 | D:1      | XOM: divination: detect items
   457 | D:1      | Slain by a worm

Skill      XL: |  1  2 |
---------------+-------+-----
Maces & Flails | 3 |  3.0
Fighting       | |  4.9
Dodging        | |  2.1

Action                   || total
-------------------------++-------
Melee: Mace              ||    54
Armor: Robe              ||    43
Dodge: Dodged            ||    34
